 Dungeon Crawl Stone Soup version 0.21.1-1-g345015fe64 (webtiles) character file.

64 Gargoyl the Skirmisher (level 3, 0/31 HPs)
             Began as a Centaur Abyssal Knight on July 23, 2018.
             Was a Follower of Lugonu.
             Slain by an adder (1 damage)
             ... on level 2 of the Dungeon.
             The game lasted 00:01:57 (1443 turns).

Gargoyl the Skirmisher (Centaur Abyssal Knight)     Turns: 1443, Time: 00:01:59

Health: 0/31       AC: 10    Str: 14    XL:     3   Next: 91%
Magic:  4/4        EV:  0    Int: 11    God:    Lugonu [*.....]
Gold:   148        SH:  6    Dex:  9    Spells: 2/2 levels left

rFire    . . .     SeeInvis .   a - +1 hand axe
rCold    . . .     Gourm    .   h - +0 shield
rNeg     . . .     Faith    .   d - +0 plate armour
rPois    .         Spirit   .   (no helmet)
rElec    .         Reflect  .   (no cloak)
rCorr    .         Harm     .   j - +0 pair of gloves
MR       .....                  (no barding)
Stlth    ..........             (no amulet)
HPRegen  0.10/turn              (no ring)
MPRegen  0.09/turn              (no ring)

@: lethally poisoned (0 -> -13), very quick
A: large, hooves 3, deformed body, speed 2, tough skin 3
a: Depart the Abyss, Renounce Religion


You were on level 2 of the Dungeon.
You worshipped Lugonu.
Lugonu was aware of your devotion.
You were not hungry.

You visited 1 branch of the dungeon, and saw 2 of its levels.
You visited the Abyss 1 time.

You collected 148 gold pieces.

Inventory:

Hand Weapons
 a - a +1 hand axe (weapon)
Armour
 d - a +0 plate armour (worn)
 h - a +0 shield (worn)
 j - a +0 pair of gloves (worn)
Scrolls
 e - 2 scrolls of teleportation
 f - 3 scrolls of remove curse
 g - a scroll of identify
Potions
 i - a potion of curing
Comestibles
 c - 5 rations
 l - a chunk of flesh


   Skills:
 + Level 3.3 Fighting
 + Level 2.4 Axes
 * Level 2.2 Armour
 + Level 0.6 Dodging
 + Level 0.2 Shields
 * Level 2.5 Invocations


You had 2 spell levels left.
You didn't know any spells.

Dungeon Overview and Level Annotations

Branches:
Dungeon (2/15)

Altars:
Xom


Innate Abilities, Weirdness & Mutations

You have hooves in place of feet.
Armour fits poorly on your strangely shaped body.
You cover ground very quickly.
You have extremely tough skin. (AC +3)


Message History

You closely miss the adder.
The adder is almost dead.
You feel sick. The adder bites you.
* * * LOW HITPOINT WARNING * * *
You are lethally poisoned!
The adder poisons you!
You hit the adder. Your kick misses the adder.
The adder is almost dead.
* * * LOW HITPOINT WARNING * * *
You feel sick. The adder bites you.
* * * LOW HITPOINT WARNING * * *
The adder completely misses you.
Your plate armour prevents you from hitting the adder.
The adder is almost dead.
* * * LOW HITPOINT WARNING * * *
You feel sick. The adder bites you.
* * * LOW HITPOINT WARNING * * *
You are more poisoned.
The adder poisons you! The adder bites you.
You die...

##.........# .
............ ..
#S.........
#.###..........
.)............
#...........
####.########.!?.......#
.......@S†...%..........
............##$..(......
........(....#..........
.............#..........
.............#..........
.............##?...?...#
.............###......##
............## ########


You could see an adder.

Vanquished Creatures
  3 adders (D:2)
  2 worms (D:2)
  A dart slug (D:1)
  2 leopard geckos (D:1)
  A giant cockroach (D:2)
  4 goblins
  2 hobgoblins
  3 jackals (D:1)
  4 kobolds
  A quokka (D:2)
  A frilled lizard (D:1)
  A rat (D:2)
25 creatures vanquished.

Notes
Turn   | Place    | Note
-------+----------+-------------------------------------------
     0 | Abyss:1  | Gargoyl the Centaur Abyssal Knight began the quest for the Orb.
     0 | Abyss:1  | Reached XP level 1. HP: 19/19 MP: 2/2
   168 | Abyss:1  | Noticed a starcursed mass
   169 | Abyss:1  | Noticed a raiju
   172 | D:1      | Escaped the Abyss
   519 | D:1      | Reached * piety under Lugonu
   519 | D:1      | Reached XP level 2. HP: 21/26 MP: 3/3
  1205 | D:2      | Found a shimmering altar of Xom.
  1211 | D:2      | Reached XP level 3. HP: 29/31 MP: 4/4
  1443 | D:2      | HP: 1/31 [adder (3)]
  1443 | D:2      | Slain by an adder

Skill      XL: |  1  2  3 |
---------------+----------+-----
Axes           | 2 |  2.4
Armour         | 2 |  2.2
Fighting       | |  3.3
Dodging        | |  0.6
Shields        | |  0.2
Invocations    | |  2.5

Action                   || total
-------------------------++-------
Melee: Hand axe          ||   106
       Kick              ||    21
Invok: Depart the Abyss  ||     1
  Use: Scroll            ||     6
  Eat: Chunk             ||     1
Armor: Plate armour      ||    85
Dodge: Dodged            ||     7
Block: Shield            ||    29
